 Dungeon Crawl Stone Soup version 0.27.0-1-g7a089689b8 (webtiles) character file.

Game seed: 15145582332494922804

95 pkoi the Skirmisher (level 4, -9/41 HPs)
             Began as a Minotaur Fighter on Aug 17, 2021.
             Killed by nerve-wracking pain
             ... invoked by a shadow imp
             ... summoned by Xom
              (14 damage)
             ... on level 2 of the Dungeon.
             The game lasted 00:02:30 (2426 turns).

pkoi the Skirmisher (Minotaur Fighter)              Turns: 2426, Time: 00:02:31

Health: -9/41      AC:  7    Str: 21    XL:     4   Next: 39%
Magic:  3/3        EV:  8    Int:  5    God:
Gold:   80         SH:  9    Dex: 10    Spells: 3/3 levels left

rFire    . . .     SeeInvis .   a - +0 flail
rCold    . . .     Faith    .   c - +0 kite shield
rNeg     . . .     Spirit   .   b - +0 scale mail
rPois    .         Reflect  .   (helmet restricted)
rElec    .         Harm     .   (no cloak)
rCorr    .         Rampage  .   (no gloves)
Will     .....                  (no boots)
Stlth    ..........             (no amulet)
HPRegen  0.13/turn              (no ring)
MPRegen  0.08/turn              (no ring)

@: no status effects
A: horns 2, retaliatory headbutt
a: no special abilities


You were on level 2 of the Dungeon.
You visited 1 branch of the dungeon, and saw 3 of its levels.

You collected 80 gold pieces.

Inventory:

Hand Weapons
 a - a +0 flail (weapon)
Armour
 b - a +0 scale mail (worn)
 c - a +0 kite shield (worn)
Wands
 k - a wand of acid (4)
Scrolls
 g - 2 scrolls of summoning {unknown}
 h - a scroll of magic mapping {unknown}
Potions
 d - 2 potions of might
 e - a potion of heal wounds {unknown}
 f - a potion of berserk rage {unknown}
 i - 2 potions of magic
 j - 3 potions of brilliance {unknown}
 l - a potion of ambrosia {unknown}


   Skills:
 + Level 4.3 Fighting
 + Level 3.2 Maces & Flails
 + Level 4.3 Armour
 + Level 1.7 Dodging
 + Level 4.3 Shields


You had 3 spell levels left.
You didn't know any spells.
Your spell library was empty.

Dungeon Overview and Level Annotations

Branches:
Dungeon (3/15)

Altars:
Xom

Shops:
D:2 ?


Innate Abilities, Weirdness & Mutations

You have a pair of horns on your head.
You reflexively headbutt those who attack you in melee.


Message History

The white imp is severely wounded.
You closely miss the white imp.
The white imp is severely wounded.
The shadow imp hits you. The white imp gestures at you.
The puff of frost hits you!
You barely miss the white imp.
The white imp is severely wounded.
The shadow imp hits you. You block the white imp's attack.
Unknown command.
Your shield prevents you from hitting the white imp.
The white imp is severely wounded.
You block the shadow imp's attack. The white imp gestures at you.
The puff of frost hits you!
* * * LOW HITPOINT WARNING * * *
You block the shadow imp's attack.
You hit the iron imp but do no damage. You headbutt the iron imp!
The iron imp is severely wounded.
You block the shadow imp's attack.
Unknown command.
You hit the iron imp.
The iron imp is almost dead.
You block the shadow imp's attack. The iron imp hits you.
* * * LOW HITPOINT WARNING * * *
The shadow imp shouts, "Get thee hence, thou pox-marked fool-born joithead!"
The shadow imp hits you but does no damage.
You hit the iron imp.
You kill the iron imp!
The white imp gestures at you. The puff of frost hits you.
* * * LOW HITPOINT WARNING * * *
The shadow imp misses you.
Unknown command.
You closely miss the shadow imp. You headbutt the shadow imp!
The shadow imp is almost dead.
You block the shadow imp's attack. The shadow imp gestures at you.
Pain shoots through your body!
You die...

....###.....# #...# #... .####
#.....# #.#.# #... .# #.....#
#.#.# #... .# #.....# ###
#.#.####.†. .# ###.#.# #.#
#.#........ .#
#.#.#######.###.######...
.########.#....555#....).........
.##.....#.######5#........####...
.##.###.#.# #@#†.....#.# #...
.##.# #.#.######5#...#..#.####...
.##.# #.........5#...#..#........
.##.#####.##.........#..#..##....
.................#...#..#..#.....
###.#####.##.###.#.#....#..#.....
#.# #.##.# #.#...#.##..#...##
###.#####.##.# #.###.#.....##..#.
#......##.##.# #.....#####.###...


You could see 2 white imps and 4 shadow imps.

Vanquished Creatures
  3 adders
  4 dart slugs
  An orc (D:3)
  6 ball pythons
  3 endoplasms
  3 giant cockroaches
  2 goblins
  3 hobgoblins (D:3)
  6 jackals (D:1)
  3 kobolds
  4 quokkas
  8 bats
  3 frilled lizards (D:2)
  7 rats
56 creatures vanquished.

Notes
Turn   | Place    | Note
-------+----------+-------------------------------------------
     0 | D:1      | pkoi the Minotaur Fighter began the quest for the Orb.
     0 | D:1      | Reached XP level 1. HP: 19/19 MP: 0/0
   143 | D:1      | Reached XP level 2. HP: 22/27 MP: 1/1
   351 | D:1      | Reached skill level 1 in Dodging
   453 | D:1      | Reached XP level 3. HP: 32/33 MP: 2/2
   491 | D:1      | Found a faded altar of an unknown god.
   672 | D:1      | Became a worshipper of Xom of Chaos
   673 | D:1      | Fell from the grace of Xom
  1280 | D:2      | Found Kedwur's Magic Scroll Shop.
  1919 | D:3      | Reached XP level 4. HP: 28/40 MP: 3/3
  2195 | D:3      | XOM: polymorph gnoll shaman -> adder
  2418 | D:2      | XOM: summons 7 hostile demons
  2426 | D:2      | Killed from afar by a shadow imp

Illustrated notes

Levels and vault maps discovered:
D:1:      dpeg_arrival_arbitrary_c, layout_rooms,
          hellmonk_ecumenical_altar_crossroads
D:2:      layout_basic, serial_shops, nicolae_diamond_shop
D:3:      kennysheep_six_static_rooms, layout_basic,
          mainiacjoe_overflow_alcove_4, serial_corexii_hall,
          corexii_hall_statues_s, corexii_hall_statues_t, nrook_uturn,
          uniq_terence

Skill      XL: |  1  2  3 |
---------------+----------+-----
Dodging        | 1 |  1.7
Fighting       | 4 |  4.3
Armour         | 4 |  4.3
Shields        | 4 |  4.3
Maces & Flails | 3 |  3.2

Action                   |  1- 3 |  4- 6 || total
-------------------------+-------+-------++-------
Melee: Flail             |   128 |    29 ||   157
       Headbutt          |    20 |     6 ||    26
Invok: Renounce Religion |     1 |       ||     1
  Use: Scroll            |     5 |       ||     5
Armor: Scale mail        |    91 |    11 ||   102
Dodge: Dodged            |    51 |     6 ||    57
Block: Kite shield       |    82 |    17 ||    99
